[Event "*** Titled Tuesday Blitz"]
[Site "Chess.com"]
[Date "2020.02.04"]
[Round "7"]
[White "Mr_Sinigami"]
[Black "platy3"]
[Result "1-0"]
[WhiteElo "2740"]
[BlackElo "2884"]
[TimeControl "180+2"]
[EndTime "10:36:32 PST"]
[Termination "Mr_Sinigami won by resignation"]

1. e4 c5 2. Nc3 e6 3. g3 Nc6 4. Bg2 d6 5. Nge2 Nf6 6. d3 Be7 7. O-O O-O 8. h3 Rb8 9. f4 Bd7 10. g4 b5 11. Ng3 b4 12. Nce2 Ne8 13. g5 g6 14. Be3 f5 15. exf5 gxf5 16. d4 Nc7 17. dxc5 dxc5 18. Qd2 Be8 19. Rad1 Qxd2 20. Rxd2 a5 21. Rfd1 a4 22. Rd7 Bxd7 23. Rxd7 Nd5 24. Rxd5 exd5 25. Bxd5+ Kh8 26. Bxc6 Bd6 27. Bd7 b3 28. axb3 axb3 29. c3 Ra8 30. Bxf5 Ra2 31.
Bc1 c4 32. Kf2 Bc5+ 33. Kf3 Rd8 34. Be6 Rd3+ 35. Kg4 Ra4 36. Ne4 Bf8 37. f5 Rd1 38. h4 Re1 39. Kf3 Rf1+ 40. Kg2 Re1 41. Kf2 Rd1 42.
h5 Rxc1 43. Nxc1 Ra2 44. Bxc4 Rxb2+ 45. Ke3 Rh2 46. Nxb3 Rxh5 47. Nd4 Rh3+ 48. Nf3 Rh1 49. Be6 Ra1 50. f6 Ra5 51. Kd4 Bg7 52. fxg7+ Kxg7 53. c4 Kg6 54. c5 Ra3 55. Ne5+ Kg7 56. c6 1-0

[Event "*** Titled Tuesday Blitz"]
[Site "Chess.com"]
[Date "2020.02.04"]
[Round "7"]
[White "HouseOfDurin"]
[Black "FearNoEvil12"]
[Result "1-0"]
[WhiteElo "2080"]
[BlackElo "1995"]
[TimeControl "180+2"]
[EndTime "10:36:40 PST"]
[Termination "HouseOfDurin won by resignation"]

1. d4 b5 2. Bg5 a6 3. e3 Bb7 4. Nf3 d6 5. c4 bxc4 6. Bxc4 h6 7. Bxf7+ Kxf7 8. Qb3+ Kg6 9. Qxb7 Nd7 10. Bf4 Ngf6 11. Qb3 Kh7 12. Nbd2 g6 13. h4 Rg8 14. Ng5+ hxg5 15.
hxg5+ Kg7 16. gxf6+ Nxf6 17. Nf3 Rb8 18. Qc2 e5 19. dxe5 dxe5 20. Nxe5 Bb4+ 21. Kf1 Qe8 22. Qxc7+ Qe7 23. Qxe7+ Bxe7 24. Nc6 Rbe8 25. Nxe7 Rxe7 26. Bg5 Rc8 27. Rd1 Rc2 28. g3 Rec7 29. Bxf6+ Kxf6 30. Kg2 Rxb2 31. Rd6+ Kg5 32. Rxa6 Rcc2 33. Rf1 Rxa2 34. Rxa2 Rxa2 35. Rc1 Kf5 36. Rc5+ Kf6 37. Kf3 g5 38. g4 Kg6 39. Rc6+ Kf7 40. Kg3 Kg7 41. f4 gxf4+ 42. exf4 Ra3+ 43. Kh4 Ra4 44. Kg5 Ra5+ 45. f5 Kg8 46. Rc7 Ra6 47. f6 Ra8 48. Kg6 Rf8 49. g5 Kh8 50. Re7 Rg8+ 51. Kf5 Ra8 52. g6 Kg8 53.
f7+ Kf8 54. Re5 Rb8 55. Kg5 Kg7 56. Re8 Rb5+ 57. Kg4 Rg5+ 58. Kh3 Rf5 59. Rg8+ Kh6 60. f8=Q+ 1-0

[Event "*** Titled Tuesday Blitz"]
[Site "Chess.com"]
[Date "2020.02.04"]
[Round "7"]
[White "AleksanderHnydiuk"]
[Black "AwareIdea"]
[Result "1-0"]
[WhiteElo "2537"]
[BlackElo "2426"]
[TimeControl "180+2"]
[EndTime "10:36:54 PST"]
[Termination "AleksanderHnydiuk won by resignation"]

1. Nf3 d5 2. d4 Nf6 3. c4 e6 4. g3 dxc4 5. Bg2 Bd7 6. O-O Bc6 7. a4 a6 8. Bg5 b5 9. axb5 axb5 10. Rxa8 Bxa8 11.
Nc3 b4 12. Bxf6 gxf6 13. Na4 Nd7 14. Qc2 Bd5 15. e4 b3 16. Qe2 Bc6 17. Nc3 Nb6 18. d5 Bd7 19. dxe6 Bxe6 20. Rd1 Qb8 21. Nd4 Bd6 22.
Nd5 Be5 23. Nc6 Qb7 24. Nxe5 fxe5 25. Qh5 Nd7 26. Qg5 Bxd5 27. exd5 Qb6 28. d6 cxd6 29. Ra1 c3 30. bxc3 b2 31. Rb1 Nc5 32. Qg4 Ke7 33. Qh4+ f6 34. Qg4 Rf8 35. Qg7+ Rf7 36. Qg4 Qb3 37. Qe2 Na4 38. Qd2 Qa2 39. Be4 Rf8 40. Qc2 Rb8 41. Bc6 Nc5 42. Qxh7+ Kd8 43. Be4 Qa1 44. Bf5 d5 45. Qg7 Rb6 46. Qf8+ Kc7 47.
Qxc5+ Kb7 48. Qxd5+ Ka7 49. Be4 Rb8 50. Qc5+ Ka6 51.
Qd6+ Ka7 52. Qc7+ Ka6 53. Qxb8 1-0

[Event "*** Titled Tuesday Blitz"]
[Site "Chess.com"]
[Date "2020.02.04"]
[Round "7"]
[White "csati17"]
[Black "secretsuperstar7"]
[Result "1-0"]
[WhiteElo "2532"]
[BlackElo "2239"]
[TimeControl "180+2"]
[EndTime "10:37:02 PST"]
[Termination "csati17 won by resignation"]

1. c4 e5 2. g3 Nf6 3. Bg2 d5 4. cxd5 Nxd5 5. Nc3 c6 6. Nf3 Bd6 7. O-O O-O 8. d3 h6 9. Bd2 Nd7 10. a3 N7f6 11. b4 Be6 12. Qc2 Qe7 13. Ne4 Nxe4 14. dxe4 Nb6 15. Bc3 f6 16. Nh4 Qf7 17. Nf5 Bc7 18.
Kh1 Bb3 19. Qc1 Bc4 20. Re1 Rad8 21. a4 Nc8 22. Qe3 Bb6 23. Qf3 Nd6 24. Nxd6 Rxd6 25.
b5 Bc5 26. bxc6 Rxc6 27. Rac1 Be7 28. Bd2 Qe6 29. h4 Rd8 30. Bc3 Ba3 31. Rcd1 Rdc8 32.
Ba1 Bb4 33. Rg1 Bb3 34. Rb1 Rc3 35. Bxc3 Rxc3 36. Qf5 Qxf5 37. exf5 Kf8 38. Bxb7 a5 39. Rgc1 Bc2 40. Rb2 Be4+ 41. Bxe4 Rxc1+ 42. Kg2 Ke7 43. g4 Kd6 44. Rb3 Rc3 45. Rb1 Ra3 46. Rd1+ Kc7 47. Rc1+ Rc3 48. Rd1 Ra3 49. Bc2 Rc3 50. Bd3 Bd6 51.
Bb5 Rc2 52. e3 Rc3 53. Re1 Kb6 54. Rd1 Kc5 55. Kf3 Rc2 56. Ke4 Be7 57. f4 exf4 58.
exf4 Rc3 59. Rd7 Bd6 60. Rd8 Rc1 61. Rc8+ Kb4 62. Rxc1 1-0

[Event "*** Titled Tuesday Blitz"]
[Site "Chess.com"]
[Date "2020.02.04"]
[Round "7"]
[White "Korona_91"]
[Black "Kirill_Kopenkin"]
[Result "1-0"]
[WhiteElo "2418"]
[BlackElo "2526"]
[TimeControl "180+2"]
[EndTime "10:37:07 PST"]
[Termination "Korona_91 won by resignation"]

1. e4 c5 2. Nf3 d6 3. Bb5+ Nd7 4. a4 Nf6 5. Nc3 g6 6. O-O Bg7 7. h3 O-O 8. Re1 a6 9. Bf1 b6 10. b3 Bb7 11. Bd3 d5 12. e5 Ne4 13. Nxe4 dxe4 14. Bxe4 Bxe4 15. Rxe4 e6 16. Bb2 Qc7 17. Qe2 Nb8 18. d4 cxd4 19. Rxd4 Nc6 20. Rc4 Qb7 21. Qe4 Rac8 22. Rd1 Na5 23. Qxb7 Nxb7 24. Rxc8 Rxc8 25.
Rd7 Nc5 26. Ra7 b5 27. axb5 axb5 28. Bd4 Ne4 29. Ra2 b4 30. Kf1 Bf8 31. Ke2 Bc5 32.
Ke3 Nc3 33. Ra5 Nd5+ 34. Ke4 Be7 35. Ra2 h6 36. Nd2 g5 37. Nc4 Nf4 38. Kf3 Rd8 39.
Ra7 Bf8 40. Be3 Ng6 41. Rb7 Rd5 42. Ke4 Bg7 43. Rb8+ Kh7 44. Rxb4 Nxe5 45. Nxe5 Rxe5+ 46. Kf3 Rd5 47. c4 Rd3 48. Rb7 Kg6 49. c5 Be5 50. b4 f5 51. Rb6 Kf6 52. Ke2 Rb3 53. c6 f4 54. Bc5 h5 55. Rb7 g4 56. hxg4 hxg4 57. c7 f3+ 58. gxf3 gxf3+ 59. Kd2 Rb2+ 60.
Kc1 1-0

[Event "*** Titled Tuesday Blitz"]
[Site "Chess.com"]
[Date "2020.02.04"]
[Round "7"]
[White "malandragem"]
[Black "VincentKeymer"]
[Result "1-0"]
[WhiteElo "2306"]
[BlackElo "2660"]
[TimeControl "180+2"]
[EndTime "10:37:08 PST"]
[Termination "malandragem won by resignation"]

1. e4 c5 2. Nf3 e6 3. d4 cxd4 4. Nxd4 a6 5. Nc3 Nf6 6. Be2 Qc7 7. O-O b5 8. Re1 d6 9. a4 b4 10. Na2 Bb7 11. Nxb4 Nxe4 12. c4 Nd7 13. Bf3 Ndf6 14. a5 Be7 15. Nd3 O-O 16. Be3 Rac8 17. b3 Rfd8 18. Rc1 Qxa5 19. b4 Qc7 20. Nb3 Qb8 21. Bb6 Re8 22. Bd4 e5 23. Ba1 Ba8 24. h4 Red8 25. Re3 Bf8 26. Qe2 d5 27. Bxe5 Bd6 28. Bxd6 Qxd6 29. Nbc5 dxc4 30. Rxc4 Nxc5 31. bxc5 Bxf3 32.
Qxf3 Qd5 33. Ra4 Qxf3 34. Rxf3 Rc6 35. Kf1 h6 36. g3 Re6 37. Nf4 Rd1+ 38. Kg2 Rc6 39.
Rd3 Rc1 40. Rd8+ Kh7 41. Nd3 Rc3 42. Kf1 Rc2 43. Ke1 Rc3 44. Kd2 Rb3 45. Rad4 Rb7 46.
Ke3 Re7+ 47. Kf3 a5 48. Ra8 Nd7 49. Rxa5 g6 50. Re4 Rf6+ 51. Ke3 Rxe4+ 52. Kxe4 Re6+ 53. Kd4 Nb8 54. Nb4 Kg7 55. Kd5 Re8 56. c6 Rc8 57.
Ra7 Kf8 58. c7 Nd7 59. Kc6 Ke8 60. Nd5 Ne5+ 61. Kb7 Kd7 62. Nb6+ 1-0

[Event "*** Titled Tuesday Blitz"]
[Site "Chess.com"]
[Date "2020.02.04"]
[Round "7"]
[White "Andro2"]
[Black "Snegokhod"]
[Result "0-1"]
[WhiteElo "2434"]
[BlackElo "2641"]
[TimeControl "180+2"]
[EndTime "10:37:09 PST"]
[Termination "Snegokhod won by resignation"]

1. e4 c5 2. Nf3 d6 3. d4 cxd4 4. Nxd4 Nf6 5. Nc3 a6 6. Qd3 g6 7. Bg5 Bg7 8. O-O-O O-O 9. Qd2 Nc6 10. Nxc6 bxc6 11. e5 Ng4 12. exd6 Qxd6 13. Qxd6 exd6 14. Rxd6 Nxf2 15. Rg1 Bxc3 16. bxc3 Ne4 17. Be7 Nxd6 18. Bxd6 Re8 19. Bd3 Be6 20. a3 Bd5 21. c4 Be4 22. Kd2 f5 23. c5 Bxd3 24. cxd3 Kf7 25. Rb1 Ra7 26. Rb6 Rc8 27. Rb1 a5 28. a4 Rd7 29.
Rb6 Ke6 30. Ra6 Rb7 31. Rxa5 Rb2+ 32. Kc3 Rxg2 33. Ra7 g5 34. Kd4 f4 35. Rxh7 Ra2 36.
Rh6+ Kf5 37. Rh7 Rxa4+ 38. Kc3 Kg4 39. Rg7 Ra2 40. Be7 Rxh2 41. Bxg5 Rh5 42. Be7+ Kf3 43. Bd6 Rf5 44. Kd2 Re8 45. Rc7 Re2+ 46. Kc3 Kg2 47.
Bxf4 Rxf4 48. Rxc6 Rf1 49. Kc4 Rc1+ 50. Kd5 Kf3 51.
d4 Rd2 52. Rf6+ Ke3 53. Re6+ Kd3 54. c6 Kc3 55. Re4 Kb4 56. Kd6 Kb5 57. d5 Rc5 58. Re5 Kb6 59. Rh5 Rxc6+ 60. Kd7 Rg6 61. Re5 Kc5 62.
d6+ Kb6 63. Re6 Rxe6 64. Kxe6 Kc6 65. d7 Rxd7 0-1

[Event "*** Titled Tuesday Blitz"]
[Site "Chess.com"]
[Date "2020.02.04"]
[Round "7"]
[White "GMKrikor"]
[Black "Rodchenkov_Vitalij"]
[Result "1/2-1/2"]
[WhiteElo "2824"]
[BlackElo "2604"]
[TimeControl "180+2"]
[EndTime "10:37:21 PST"]
[Termination "Game drawn by repetition"]

1. Nf3 d5 2. c4 c6 3. e3 e6 4.
b3 f5 5. Bb2 Nf6 6. d4 Bd6 7.
Bd3 O-O 8. O-O Nbd7 9. Ba3 Qe7 10. Bxd6 Qxd6 11. Nc3 Ne4 12. Qc2 b6 13. Qb2 Bb7 14. Ne2 Rac8 15. Ne5 Nxe5 16. dxe5 Qe7 17. Rad1 c5 18. f3 Ng5 19. Nf4 Rcd8 20. Be2 Nf7 21. Rd2 d4 22. exd4 cxd4 23. Rxd4 g5 24. Rxd8 Rxd8 25.
Nd3 f4 26. Rd1 Nh6 27. Nf2 Nf5 28. Rxd8+ Qxd8 29. Bd3 Ne3 30. Qc3 h5 31. h3 Kg7 32.
Be2 Qd7 33. Qd3 Qc7 34. Qd4 Nf5 35. Qc3 a5 36. Bd3 Ne3 37. Qd4 h4 38. Be4 Bc8 39.
Nd3 Bd7 40. Nf2 Be8 41. Bd3 Bc6 42. Ne4 Bxe4 43. Qxe4 Qc5 44. Kh2 Kf8 45. Qa8+ Kf7 46. Qb7+ Kf8 47. Qb8+ Kf7 48. Qb7+ Kf8 49. Qe4 a4 50. bxa4 Qb4 51. Qa8+ Ke7 52. Qb7+ Kd8 53. Qb8+ Kd7 54. Be4 Nf1+ 55. Kg1 Ne3 56. Qb7+ Kd8 57. Qb8+ Kd7 58. Qb7+ Kd8 59. Kh2 Nf1+ 60. Kg1 Ne3 1/2-1/2

[Event "*** Titled Tuesday Blitz"]
[Site "Chess.com"]
[Date "2020.02.04"]
[Round "7"]
[White "GHANDEEVAM2003"]
[Black "Lubov_Gordyk"]
[Result "1/2-1/2"]
[WhiteElo "2921"]
[BlackElo "2638"]
[TimeControl "180+2"]
[EndTime "10:37:22 PST"]
[Termination "Game drawn by repetition"]

1. e4 g6 2. d4 Bg7 3. Nf3 d6 4. Bc4 e6 5. h4 h6 6. Qe2 Ne7 7.
c3 a6 8. a4 b6 9. Bf4 Bb7 10.
Nbd2 Nd7 11. Bd3 e5 12. Be3 Nc6 13. d5 Ne7 14. h5 g5 15. b4 a5 16. Bb5 O-O 17.
g4 axb4 18. cxb4 c6 19. dxc6 Nxc6 20. Nc4 d5 21. exd5 Nxb4 22. Bxd7 Qxd7 23. Nxb6 Qxg4 24.
Rg1 Qe4 25. Nd2 Qf5 26. Nxa8 Rxa8 27. Rb1 Nc2+ 28. Kd1 Bxd5 29. Qg4 Nxe3+ 30. fxe3 Qd3 31. Qe2 Qa3 32. Qb5 Qxe3 33. Re1 Bf3+ 34. Nxf3 Qxf3+ 35. Re2 Rd8+ 36. Kc1 e4 37. Qc4 Qf4+ 38. Kc2 Rd3 39.
Rb3 Rxb3 40. Kxb3 Qb8+ 41. Ka2 e3 42. Qb3 Qe5 43. Qxe3 Qa1+ 44. Kb3 Qb1+ 45. Kc4 Bf6 46. a5 Qb7 47. Qb6 Qc8+ 48. Kb3 Qd7 49. Kc4 Kg7 50. a6 Qa4+ 51. Kd3 Qa3+ 52. Ke4 Qa4+ 53. Kd5 Qd7+ 54. Kc4 Qa4+ 55. Kd3 Qa3+ 56. Kc2 Qa2+ 57. Kd3 Qa3+ 1/2-1/2

[Event "*** Titled Tuesday Blitz"]
[Site "Chess.com"]
[Date "2020.02.04"]
[Round "7"]
[White "ChessPromotionAlex"]
[Black "SabinaFoisor"]
[Result "0-1"]
[WhiteElo "2513"]
[BlackElo "2390"]
[TimeControl "180+2"]
[EndTime "10:37:24 PST"]
[Termination "SabinaFoisor won by resignation"]

1. e4 e5 2. Nf3 Nc6 3. Bb5 a6 4. Ba4 Nf6 5. O-O Be7 6. Re1 b5 7. Bb3 O-O 8. a4 Rb8 9. axb5 axb5 10. c3 d6 11. h3 Bb7 12. d4 exd4 13. cxd4 Nb4 14.
Nc3 c5 15. e5 dxe5 16. dxe5 Qxd1 17. Rxd1 Ne8 18. Rd7 Bxf3 19. gxf3 c4 20. Bxc4 bxc4 21. Rxe7 Nc6 22. Nd5 Nxe7 23. Nxe7+ Kh8 24. Ra4 c3 25. b4 Nc7 26. Ra3 Nb5 27. Ra5 Nd4 28. Be3 Rxb4 29.
Rc5 Nxf3+ 30. Kg2 Nh4+ 31. Kg3 Ng6 32. Nd5 Re4 33. f4 Ra4 34. Nxc3 Ra3 35. Kf3 Ne7 36. Ne4 Nf5 37. Rc3 Rxc3 38. Nxc3 Rd8 39. Ke4 Ng3+ 40. Kf3 Nf5 41. Ke4 g6 42. Bf2 Kg7 43. Nd5 Ra8 44. Bc5 Ra4+ 45. Kf3 h5 46. Ne7 Nxe7 47. Bxe7 Rc4 48. Kg3 Rc3+ 49. Kg2 Rc7 50. Bf6+ Kf8 51. Kg3 Ke8 52. f5 Rc4 53. fxg6 fxg6 54.
e6 Rc6 55. Kf4 Rxe6 56. Bg5 Kf7 57. h4 Ra6 58. Kf3 Ra4 59. Kg3 Ke6 60. Kf3 Kf5 61. Bd8 Rg4 62. Be7 Rd4 63. Kg3 Rd3+ 64. Kg2 Kg4 65.
Bg5 Rh3 0-1

[Event "*** Titled Tuesday Blitz"]
[Site "Chess.com"]
[Date "2020.02.04"]
[Round "7"]
[White "rpragchess"]
[Black "tunadrol"]
[Result "1/2-1/2"]
[WhiteElo "2799"]
[BlackElo "2584"]
[TimeControl "180+2"]
[EndTime "10:37:25 PST"]
[Termination "Game drawn by repetition"]

1. Nf3 Nf6 2. g3 g6 3. b3 Bg7 4. Bb2 d5 5. c4 O-O 6. Bg2 c5 7. cxd5 Qxd5 8. O-O Qh5 9. h4 Nc6 10. Nc3 b6 11. Ng5 Bb7 12. Bf3 Qh6 13. d3 Nd7 14. Nge4 Nde5 15. Bg2 Qh5 16. Nd5 Rad8 17. Nf4 Qh6 18. Bc1 Nd4 19. Re1 Nec6 20. Rb1 Nb4 21. Rb2 Nb5 22. Ne6 Qh5 23. Nxg7 Kxg7 24. Rd2 f6 25.
Bb2 Bd5 26. a3 Nc6 27. b4 cxb4 28. axb4 Ncd4 29. Qa4 Qf5 30. Bxd4 Nxd4 31. Qxa7 Qe6 32. Qa3 Bxe4 33. Bxe4 f5 34. Bg2 f4 35. e3 fxg3 36. fxg3 Nf3+ 37. Bxf3 Rxf3 38. Rg2 Rxe3 39. Rf1 Rexd3 40.
Qa1+ Kg8 41. h5 gxh5 42. Kh2 Rd2 43. Rff2 Rd1 44. Qc3 Re1 45. Rd2 Rf8 46. Rdf2 Rxf2 47. Rxf2 Re2 48. Qf3 Rxf2+ 49. Qxf2 Qd6 50. b5 h4 51.
Qa2+ e6 52. Qa8+ Qf8 53. Qa2 hxg3+ 54. Kxg3 Qg7+ 55. Kh3 Qe5 56. Qa8+ Kg7 57. Qb7+ Kf6 58. Qxb6 Qc3+ 59. Kg2 Qd2+ 60. Kf3 Qd3+ 61. Kf2 Qd2+ 62. Kf3 Qd3+ 63. Kg2 Qe2+ 64. Kg3 Qd3+ 65. Kf2 Qd2+ 66. Kf3 1/2-1/2

[Event "*** Titled Tuesday Blitz"]
[Site "Chess.com"]
[Date "2020.02.04"]
[Round "7"]
[White "Haykoooo0o"]
[Black "MikeSailer"]
[Result "0-1"]
[WhiteElo "2499"]
[BlackElo "2118"]
[TimeControl "180+2"]
[EndTime "10:37:27 PST"]
[Termination "MikeSailer won by checkmate"]

1. e4 d5 2. exd5 Qxd5 3. Nc3 Qd6 4. Bc4 Nf6 5. d4 c6 6. Nf3 Bg4 7. Bxf7+ Kxf7 8. Ne5+ Qxe5+ 9. dxe5 Bxd1 10. exf6 Bxc2 11. fxg7 Bxg7 12. O-O Nd7 13. Be3 Nb6 14. Rac1 Bd3 15. Rfe1 Nd5 16. Bc5 Bxc3 17. bxc3 b6 18. Bd4 Rhg8 19.
g3 Bc4 20. Kg2 Nf4+ 21. Kf3 Nd3 22. Rcd1 Nxe1+ 23. Rxe1 Bd5+ 24. Kf4 Rg6 25. a3 Re6 26. Be5 b5 27. h4 Rg8 28. f3 h5 29. g4 hxg4 30. fxg4 Kg6 31. h5+ Kh6 32. Kg3 Rxe5 33. Rxe5 e6 34. Kh4 Rf8 35. g5+ Kg7 36. Kg4 Bf3+ 37. Kh4 Rf4+ 38. Kg3 Re4 39. Rc5 Bxh5 40. Rxc6 Kg6 41. Ra6 Be2 42. Rxa7 Kxg5 43. Rc7 Rc4 44. Re7 Kf6 45. Re8 Rxc3+ 46. Kf4 Rc4+ 47. Ke3 Bg4 48. Rb8 Rc5 49. Kd4 Rd5+ 50. Ke4 Bf5+ 51. Kf4 Rd4+ 52. Ke3 Rd3+ 53. Ke2 Rb3 54. Rb6 Ke5 55. Kd2 Bd3 56.
Ra6 Bc4 57. Kc2 Kd4 58. Rd6+ Bd5 59. Ra6 Rh3 60. Rb6 Rh2+ 61. Kd1 Bc4 62. Rd6+ Kc3 63. Ke1 Kb3 64. Ra6 Ra2 65. Rb6 Rxa3 66. Kd2 Ra2+ 67. Ke3 Kc3 68. Rb8 b4 69. Rc8 b3 70. Rb8 b2 71. Kf2 Ra1 72. Kg2 b1=Q 73. Rf8 Qg1+ 74.
Kh3 Qh1+ 75. Kg3 Rg1+ 76. Kf2 Rf1+ 77. Ke3 Qh3+ 78. Ke4 Bd3+ 79. Ke5 Rxf8 80. Kd6 Qg3+ 81. Ke7 Qg7+ 82. Kd6 Qd4+ 83. Ke7 Qd8+ 84. Kxe6 Re8+ 85. Kf7 Qd7+ 86. Kf6 Qe6+ 87. Kg5 Rg8+ 88. Kf4 Rf8+ 89. Kg5 Qg8+ 90. Kh6 Rf6+ 91. Kh5 Qh7+ 92. Kg5 Qg7+ 93. Kh5 Rh6# 0-1

[Event "*** Titled Tuesday Blitz"]
[Site "Chess.com"]
[Date "2020.02.04"]
[Round "7"]
[White "sergoy"]
[Black "DamianoLew95"]
[Result "1-0"]
[WhiteElo "2850"]
[BlackElo "2596"]
[TimeControl "180+2"]
[EndTime "10:37:32 PST"]
[Termination "sergoy won on time"]

1. e4 e6 2. d4 d5 3. Nd2 dxe4 4. Nxe4 Bd7 5. Nf3 Bc6 6. Bd3 Nd7 7. O-O Bxe4 8. Bxe4 c6 9. c3 Ngf6 10. Bc2 Bd6 11.
Qd3 h6 12. Re1 Qc7 13. h3 O-O 14. b3 e5 15. dxe5 Nxe5 16. Nxe5 Bxe5 17. Ba3 Rfe8 18. Rad1 Rad8 19. Qf3 Rxd1 20. Rxd1 Qa5 21. Bd6 Qxc3 22.
Qxc3 Bxc3 23. Bf4 Re1+ 24. Rxe1 Bxe1 25. Bb8 a6 26. Bf5 b5 27. Ba7 Bb4 28. Bc8 Kf8 29.
Bb7 Nd7 30. Be3 Bc5 31. Bf4 g5 32. Bc7 Ke7 33. Bxc6 Bb6 34. Bg3 b4 35. Kf1 Nf6 36.
Ke2 Nh5 37. Bb8 Nf4+ 38. Kd2 Bxf2 39. Bb7 Bc5 40. h4 Ne6 41. hxg5 hxg5 42. Bxa6 Nf4 43. g3 Ne6 44. Kd3 f5 45. Bc8 Bd6 46. Bxd6+ Kxd6 47. Kc4 f4 48. gxf4 gxf4 49. Bb7 Nd8 50. Bg2 Nc6 51. Kb5 Nd4+ 52. Kxb4 f3 53. Bh3 Nc2+ 54. Kc3 Ne3 55. Kd4 Nc2+ 56. Ke4 f2 57. Kf3 Kc5 58. Kxf2 Kb4 59.
Be6 Ka3 60. Bf5 Nb4 61. Bb1 Kb2 62. Ke3 1-0

[Event "*** Titled Tuesday Blitz"]
[Site "Chess.com"]
[Date "2020.02.04"]
[Round "7"]
[White "ShimanovAlex"]
[Black "Aygehovit1992"]
[Result "1-0"]
[WhiteElo "2761"]
[BlackElo "2651"]
[TimeControl "180+2"]
[EndTime "10:37:33 PST"]
[Termination "ShimanovAlex won by resignation"]

1. d4 d6 2. e4 g6 3. a4 Bg7 4. c3 Nf6 5. Nd2 e5 6. dxe5 dxe5 7.
Ngf3 Qe7 8. b3 O-O 9. Ba3 c5 10. Bc4 Nc6 11. O-O Nh5 12. Re1 Nf4 13. Qc2 Bg4 14.
Bf1 Rfd8 15. h3 Be6 16. Nc4 Rac8 17. Ne3 Qf6 18. Nd2 h5 19. Rad1 Bh6 20. Ndc4 b6 21. Kh2 h4 22. Bc1 g5 23. Ng4 Bxg4 24.
hxg4 Bf8 25. Ne3 Ne7 26. Bc4 Qc6 27. g3 Nfg6 28. Bd5 Nxd5 29. exd5 Qf6 30. Qf5 Qxf5 31. gxf5 hxg3+ 32. fxg3 Ne7 33. Ng4 Nxf5 34. Rxe5 Ne7 35. Bxg5 Ng6 36. Bxd8 Nxe5 37. Nxe5 Rxd8 38. Nc6 Rd7 39. c4 Bd6 40. Re1 f5 41. Re6 f4 42.
gxf4 Bxf4+ 43. Kg2 Bd6 44. Kf3 Bf8 45. Ke4 Rh7 46.
d6 Kf7 47. Nd8+ Kg8 48. Kd5 Rh3 49. d7 Rxb3 50. Kc6 Rd3 51. Nb7 Kf7 52. d8=Q 1-0

[Event "*** Titled Tuesday Blitz"]
[Site "Chess.com"]
[Date "2020.02.04"]
[Round "7"]
[White "Sjakkerntobi"]
[Black "M1711"]
[Result "1/2-1/2"]
[WhiteElo "2277"]
[BlackElo "2502"]
[TimeControl "180+2"]
[EndTime "10:37:35 PST"]
[Termination "Game drawn by repetition"]

1. e4 a6 2. d4 h6 3. Nc3 e6 4.
Nf3 d6 5. Be3 Nc6 6. d5 exd5 7. exd5 Nce7 8. Be2 Ng6 9. Qd2 Nf6 10.
h4 Bg4 11. Nd4 Qd7 12. O-O-O Bxe2 13. Ndxe2 Be7 14. f3 Ne5 15. Qd4 b6 16. Ne4 O-O-O 17. N2c3 Kb7 18. Na4 Qb5 19. Nec3 Qc4 20. Ne4 Nxe4 21.
fxe4 Qxd4 22. Bxd4 Bf6 23. Nc3 Rhe8 24. Rdf1 Rd7 25. g3 Rde7 26. b3 Ng4 27. Bxf6 Nxf6 28. Kd2 Nxe4+ 29. Nxe4 Rxe4 30. Rxf7 Rg4 31. Rg1 Re5 32.
c4 h5 33. Rf4 Rg6 34. g4 hxg4 35. Rfxg4 Rh6 36. Rxg7 Rxh4 37. R7g4 Rh2+ 38. R4g2 Rhh5 39.
Rg7 a5 40. R1g2 Rh1 41. Rg1 Rh2+ 42. R7g2 Rhh5 43. Kc2 Rh4 44. Kd2 a4 45. Rg4 Rh2+ 46.
R1g2 Rh1 47. Re2 Rxe2+ 48. Kxe2 Rh2+ 49. Kd3 a3 50. Kc3 Rxa2 51. Rg1 Rf2 52. Ra1 a2 53. b4 c6 54. dxc6+ Kxc6 55. Kb3 b5 56. c5 dxc5 57. bxc5 Kxc5 58. Rc1+ Kb6 59. Ra1 Kc5 60. Rc1+ Kd5 61. Rd1+ Kc6 62. Rc1+ Kd5 63. Rd1+ Kc5 64. Rc1+ 1/2-1/2

[Event "*** Titled Tuesday Blitz"]
[Site "Chess.com"]
[Date "2020.02.04"]
[Round "7"]
[White "WPWPWP-2015"]
[Black "Manukyan_Artak"]
[Result "0-1"]
[WhiteElo "2508"]
[BlackElo "2342"]
[TimeControl "180+2"]
[EndTime "10:37:38 PST"]
[Termination "Manukyan_Artak won on time"]

1. d4 Nf6 2. c4 e6 3. Nf3 d5 4. Nc3 a6 5. e3 c5 6. cxd5 exd5 7.
Be2 Nc6 8. O-O Bg4 9. dxc5 Bxc5 10. h3 Bh5 11. Na4 Ba7 12. Bd2 O-O 13. Rc1 Ne4 14.
Be1 Rc8 15. Nd2 Bxe2 16. Qxe2 f5 17. Nb3 f4 18. Nac5 fxe3 19. fxe3 Rxf1+ 20. Qxf1 Qg5 21. Nxe4 Bxe3+ 22. Kh1 dxe4 23. Qc4+ Kh8 24. Rd1 Re8 25.
Rd5 Qf4 26. Nd2 h6 27. Nf1 Bf2 28. Bd2 Qf7 29. Ne3 Bxe3 30. Bxe3 Ne7 31. Rc5 Qxc4 32.
Rxc4 Nf5 33. Bf2 e3 34. Be1 Rd8 35. Rf4 Rd1 36. Rxf5 Rxe1+ 37. Kh2 Rb1 38. Re5 Rxb2 39.
Rxe3 Rxa2 40. Kg3 b5 41. Kf3 b4 42. Re8+ Kh7 43. Rb8 a5 44. h4 h5 45. Rb5 g6 46. Rb7+ Kh6 47. g4 Ra3+ 48. Kf4 hxg4 49. Kxg4 b3 50. Rb6 Kg7 51. Kg5 Kf7 52. Rb7+ Ke6 53. Kxg6 a4 54. h5 Ra1 55. Rb4 Kd5 56. h6 Kc5 57. h7 Rh1 58. Rb8 Kc4 59.
Rc8+ Kd3 60. Rb8 Kc2 61. Rc8+ Kb2 62. Re8 Ka3 63. Re3 Ka2 0-1

[Event "*** Titled Tuesday Blitz"]
[Site "Chess.com"]
[Date "2020.02.04"]
[Round "7"]
[White "Bigfish1995"]
[Black "2nd_life"]
[Result "1-0"]
[WhiteElo "3029"]
[BlackElo "2458"]
[TimeControl "180+2"]
[EndTime "10:37:46 PST"]
[Termination "Bigfish1995 won by resignation"]

1. e4 e5 2. Nf3 Nc6 3. d4 exd4 4. Nxd4 Nf6 5. Nc3 Bb4 6. Nxc6 bxc6 7. Bd3 d5 8. exd5 O-O 9. O-O cxd5 10. Qf3 c6 11. h3 Bd6 12. Re1 h6 13. Bf4 Be6 14. Ne2 c5 15. Rad1 Re8 16. Bb5 Re7 17. Bxh6 gxh6 18. Qxf6 Rb7 19. Qxd8+ Rxd8 20. c4 d4 21. b3 a6 22. Bc6 Rc7 23. Ba4 Bf5 24. Nc1 Re7 25. Rxe7 Bxe7 26. Nd3 Bxd3 27. Rxd3 Rd6 28. Kf1 Re6 29.
g3 a5 30. Bd7 Re4 31. Rf3 Kg7 32. h4 Bd6 33. Bc6 Re5 34. Bd5 f6 35. Rd3 Re7 36.
Bg2 f5 37. Rf3 f4 38. g4 Kf6 39. Rh3 Rg7 40. Bf3 Ke5 41. Ke2 Kf6 42. Kd3 Ke5 43. Rh1 Be7 44. Bd1 Bf6 45. Re1+ Kd6 46. Rh1 Re7 47. Bf3 Rg7 48. Ke4 Be5 49. Bd1 Ke6 50. Kf3 Kf6 51. Bc2 Bd6 52. Bd3 Re7 53. g5+ hxg5 54.
h5 Kg7 55. h6+ Kh8 56. Kg4 Re5 57. h7 Bf8 58. Rg1 Be7 59. Rf1 Kg7 60. Rh1 Kh8 61. Rh6 Re1 62. Rg6 Rg1+ 63. Kf3 g4+ 64. Ke2 f3+ 65. Kd2 1-0

[Event "*** Titled Tuesday Blitz"]
[Site "Chess.com"]
[Date "2020.02.04"]
[Round "7"]
[White "TrimitziosP7"]
[Black "FairChess_on_YouTube"]
[Result "1/2-1/2"]
[WhiteElo "2795"]
[BlackElo "3033"]
[TimeControl "180+2"]
[EndTime "10:37:47 PST"]
[Termination "Game drawn by repetition"]

1. Nf3 b5 2. d4 Bb7 3. Bf4 Nf6 4. e3 a6 5. h3 e6 6. Nbd2 c5 7. c3 Nc6 8. Bd3 Be7 9. O-O O-O 10. Rc1 Qb6 11. Qe2 Rac8 12. Ne4 Nxe4 13. Bxe4 d5 14. Bb1 f5 15. Ne5 Rcd8 16. Nxc6 Bxc6 17. Be5 Bf6 18. f4 c4 19. g4 g6 20. g5 Bxe5 21. fxe5 Rb8 22.
a3 a5 23. h4 b4 24. axb4 axb4 25. Rf2 Ra8 26. Rcf1 Ra1 27. Bc2 Ra2 28. Bb1 Ra1 29. Bc2 Rfa8 30. Rxa1 Rxa1+ 31. Rf1 Ra2 32. Bb1 Ra1 33. Bc2 Rxf1+ 34. Qxf1 Qa5 35. Qe1 b3 36. Bd1 Qa1 37. Qd2 Qb1 38. Kh2 Kg7 39. Kg3 Be8 40. Qe2 Qc1 41. Kf3 Bf7 42. Kg3 h6 43. Kf3 Be8 44. Kg3 Qb1 45. Qd2 Qe4 46. Bf3 Qc2 47. Qf2 hxg5 48. hxg5 Qc1 49. Kf4 Bd7 50. Qh2 Be8 51. Qh6+ Kg8 52. Qh2 Qc2 53. Qe2 Qb1 54. Qh2 Qe1 55. Qg3 Qd2 56. Qg2 Qe1 57. Qg3 Qc1 58. Qg2 Kf8 59. Qh2 Ke7 60. Qh7+ Kd8 61. Qh2 Kc7 62. Qe2 Qg1 63. Qg2 Qe1 64. Qg3 Qa1 65. Qg2 Qc1 66. Qh2 Kb6 67. Qg2 Qc2 68. Qe2 Bb5 69. Qg2 Ka5 70. Qe2 Ka4 71. Qg2 Qc1 72.
Qf2 Bd7 73. Kg3 Qc2 74. Qe2 Bb5 75. Qf2 Ka5 76. Qe2 Ba6 77. Qf2 Qc1 78. Kf4 Qa1 79. Qe2 Qg1 80. Qg2 Qe1 81. Qg3 Qf1 82. Qg2 Qd3 83.
Qf2 Bb5 84. Qe2 Qc2 85. Qg2 Ka4 86. Qe2 Qc1 87. Qf2 Qa1 88. Qe2 Qg1 89. Qg2 Qe1 90. Qg3 Qf1 91. Qg2 Qe1 92. Qg3 Qd2 93. Qg2 Qe1 1/2-1/2